 Dungeon Crawl Stone Soup version 0.32-a0-872-g59262bdc9b (webtiles) character file.

Game seed: 11798788138946902248

7 Autsider the Chiller (level 2, -4/24 HPs)
             Began as a Naga Ice Elementalist on Mar 30, 2024.
             Slain by Sigmund
             ... wielding a +2 vampiric scythe
              (7 damage)
             ... on level 2 of the Dungeon.
             The game lasted 00:01:59 (282 turns).

Autsider the Chiller (Naga Ice Elementalist)         Turns: 282, Time: 00:02:00

Health: -4/24      AC:  1    Str: 10    XL:     2   Next: 0%
Magic:  0/5        EV:  8    Int: 15    God:
Gold:   66         SH:  0    Dex: 11    Spells: 4/5 levels left

rFire   . . .        g - +0 short sword
rCold   . . .        (no shield)
rNeg    . . .        a - +0 robe
rPois   +            (no helmet)
rElec   .            (no cloak)
rCorr   .            (no gloves)
SInv    +            (no barding)
Will    .....        (no amulet)
Stlth   ++           (no ring)
HPRegen 0.24/turn    (no ring)
MPRegen 0.09/turn

%: no passive effects
@: very slow
A: AC +0, large, see invisible, deformed body, poison resistance, slowness 2,
spit poison 1, naga tail 1
a: Spit Poison


You were on level 2 of the Dungeon.
You visited 1 branch of the dungeon, and saw 2 of its levels.

You collected 66 gold pieces.

Inventory:

Hand Weapons
 g - a +0 short sword (weapon)
Armour
 a - a +0 robe (worn)
Potions
 b - a potion of magic
 c - a potion of heal wounds {unknown}
 d - a potion of invisibility {unknown}
 e - a potion of lignification {unknown}
 f - a potion of curing {unknown}


   Skills:
 + Level 0.5 Fighting
 - Level 1.5 Dodging
 - Level 3.0 Stealth
 + Level 2.1 Spellcasting
 * Level 4.2 Ice Magic


You had 4 spell levels left.
You knew the following spells:

 Your Spells              Type           Power      Damage    Failure   Level
a - Freeze                Ice            56%        1d7       4%          1

Your spell library contained the following spells:

 Spells                   Type           Power      Damage    Failure   Level
 Frozen Ramparts          Ice            28%        1d5       12%         3
 Ozocubu's Armour         Ice            14%        N/A       12%         3
 Summon Ice Beast         Ice/Summ       7%         N/A       28%         3


Dungeon Overview and Level Annotations

Branches:
Dungeon (1/15)

Altars:

Annotations:
D:2 Sigmund


Innate Abilities, Weirdness & Mutations

Your serpentine skin is tough. (AC +0)
You have supernaturally acute eyesight. (SInv)
Armour fits poorly on your strangely shaped body.
Your system is resistant to poisons. (rPois)
You cover ground very slowly.
You can spit poison.
You have a snake-like lower body.


Message History

Aim: a jackal You freeze the jackal.
The jackal is severely wounded.
The jackal barely misses you. x2
Casting: Freeze (safe; 4% risk of failure)
Confirm with . or Enter, or press ? or * to list all spells.
Aiming: Freeze (safe; 4% risk of failure)
Press: ? - help, Shift-Dir - straight line, f/p - jackal
Aim: a jackal (severely wounded)
You freeze the jackal.
You kill the jackal!
Sigmund points at you and mumbles some strange words.
You are confused.
You have reached level 2!
Sigmund hits you with a +2 vampiric scythe!
You see here a jackal corpse.
You're too confused to cast spells.
You bump into the rock wall.
Sigmund closely misses you.
You bump into the rock wall.
Sigmund barely misses you.
You closely miss Sigmund. You hit Sigmund but do no damage.
You feel less confused.
Sigmund hits you with a +2 vampiric scythe!
* * * LOW HITPOINT WARNING * * *
Casting: Freeze (safe; 4% risk of failure)
Confirm with . or Enter, or press ? or * to list all spells.
Aiming: Freeze (safe; 4% risk of failure)
Press: ? - help, Shift-Dir - straight line, f - Sigmund
Aim: Sigmund, wielding a +2 vampiric scythe and wearing a +0 robe You freeze Sigmund.
Sigmund is moderately wounded.
Sigmund hits you with a +2 vampiric scythe.
* * * LOW HITPOINT WARNING * * *
You hit Sigmund.
Sigmund is moderately wounded.
You hit Sigmund but do no damage.
Sigmund is moderately wounded.
Sigmund hits you with a +2 vampiric scythe!
You die...
Sigmund begins carving another notch in his scythe.

###.... #.. ..#.... #.#
...... #.# #.h@. #.#
#.... #.# #.... #.#
#.@### #.# #...### #.#
##### ###†@.# #@# #...#
### ###.# #@# #...#
....###.###.###...#####
##...................>
#........(....#...####+
#.######.##.#.#####
#.........#.#
#.####..###.# ##..##.#


You could see Sigmund.

Vanquished Creatures
  A hobgoblin (D:1)
  A jackal (D:2)
  A kobold (D:2)
  A ball python (D:1)
  2 frilled lizards (D:2)
  A rat (D:1)
7 creatures vanquished.

Notes
Turn   | Place    | Note
-------+----------+-------------------------------------------
     0 | D:1      | Autsider the Naga Ice Elementalist began the quest for the
                  | Orb.
     0 | D:1      | Reached XP level 1. HP: 15/15 MP: 3/3
   194 | D:1      | You fall into a shaft and drop 1 floor!
   261 | D:2      | Noticed Sigmund
   275 | D:2      | Reached XP level 2. HP: 24/24 MP: 1/5
   282 | D:2      | Slain by Sigmund

Illustrated notes

Levels and vault maps discovered:
D:1:      minmay_arrival_semitransparent, layout_loops_cross
D:2:      layout_basic, basic_altar, uniq_sigmund

Action                     || total
---------------------------++-------
  Melee: Unarmed           ||    10
         Short sword       ||     4
   Cast: Freeze            ||     8
   Stab: Sleeping          ||     1
 Armour: Robe              ||    11
  Dodge: Dodged            ||    12

Table legend: (Time is in decaauts)
 A = Elapsed time spent in this place.
 B = Non-inter-level travel time spent in this place.
 C = Inter-level travel time spent in this place.
 D = Time resting spent in this place.
 E = Time spent auto-exploring this place.
 F = Levels seen in this place.
 G = Mean time per level.
                   A        B        C        D        E       F      G
               +--------+--------+--------+--------+--------+-----+--------+
         Total |    366 |    366 |      0 |     15 |    214 |   2 |  183.0 |
       Dungeon |    366 |    366 |      0 |     15 |    214 |   2 |  183.0 |
               +--------+--------+--------+--------+--------+-----+--------+

Top non-repeatable levels by time:
     D:1: 262 daAuts
     D:2: 104 daAuts
